 Dungeon Crawl Stone Soup version 0.22-a0-293-gc9362ec (webtiles) character file.

307 mortelune the Chiller (level 6, -2/41 HPs)
             Began as a Demonspawn Ice Elementalist on Mar 24, 2018.
             Slain by Natasha (3 damage)
             ... on level 4 of the Dungeon.
             The game lasted 00:14:32 (5271 turns).

mortelune the Chiller (Demonspawn Ice Elementalist) Turns: 5271, Time: 00:14:34

Health: -2/41      AC:  4    Str:  9    XL:     6   Next: 16%
Magic:  8/11       EV: 12    Int: 18    God:
Gold:   144        SH:  0    Dex: 13    Spells: 1/11 levels left

rFire    . . .     SeeInvis .   v - +0 blowgun
rCold    + . .     Gourm    .   (no shield)
rNeg     . . .     Faith    .   a - +0 robe
rPois    +         Spirit   .   (no helmet)
rElec    .         Reflect  .   (no cloak)
rCorr    .         Harm     .   k - +0 pair of gloves
MR       .....                  l - +0 pair of boots
Stlth    ++........             (no amulet)
HPRegen  0.13/turn              n - ring of poison resistance
MPRegen  0.12/turn              (no ring)

@: slowed, very slow
A: hooves 2, cold resistance 1
a: no special abilities


You were on level 4 of the Dungeon.
You were not hungry.

You visited 1 branch of the dungeon, and saw 4 of its levels.
You also visited: Sewer.

You collected 144 gold pieces.

Inventory:

Hand Weapons
 e - a +0 short sword
 v - a +0 blowgun (weapon)
 A - a +0 battleaxe
Missiles
 w - 11 poisoned needles (quivered)
Armour
 a - a +0 robe (worn)
 k - a +0 pair of gloves (worn)
 l - a +0 pair of boots (worn)
Jewellery
 i - an uncursed ring of protection from cold
 n - a ring of poison resistance (left hand)
 y - an uncursed ring of protection from magic {unknown}
Scrolls
 b - a scroll of enchant weapon {unknown}
 d - a scroll of fear
 g - a scroll of enchant armour {unknown}
 h - a scroll of amnesia {unknown}
 m - a scroll of magic mapping {unknown}
 o - a scroll of noise {unknown}
 p - 2 scrolls of remove curse {unknown}
 s - 3 scrolls of teleportation {unknown}
 t - a scroll of fog {unknown}
Potions
 f - a potion of flight {unknown}
 j - 4 potions of curing
 q - a potion of lignification
 r - a potion of might {unknown}
 u - a potion of heal wounds
 x - a potion of magic
 z - a potion of haste {unknown}
Comestibles
 c - 8 rations


   Skills:
 - Level 2.0 Dodging
 - Level 1.7 Stealth
 + Level 3.4 Spellcasting
 + Level 2.9 Conjurations
 * Level 4.8 Ice Magic


You had one spell level left.
You knew the following spells:

 Your Spells              Type           Power        Failure   Level  Hunger
a - Freeze                Ice            ###.         2%          1    None
b - Throw Frost           Conj/Ice       ###...       4%          2    ##.....
c - Ozocubu's Armour      Chrm/Ice       ##......     17%         3    ###....
d - Throw Icicle          Conj/Ice       ###.....     30%         4    ####...


Dungeon Overview and Level Annotations

Branches:
Dungeon (4/15)
 Temple: D:4-7

Altars:

Annotations:
D:4 Natasha


Innate Abilities, Weirdness & Mutations

You have hoof-like feet.
Your flesh is cold resistant. (rC+)


Message History

You feel troubled. Natasha casts a spell at you.
You feel yourself slow down. Natasha claws you.
The worker ant closely misses you.
Natasha casts a spell.
The worker ant bites you.
Natasha wildly gestures.
Natasha's front paws start to glow.
Natasha closely misses you.
The worker ant bites you but does no damage.
The worker ant closely misses you. Natasha claws you.
* * * LOW HITPOINT WARNING * * *
The ice beast hits you.
* * * LOW HITPOINT WARNING * * *
The ice beast freezes you. You resist.
* * * LOW HITPOINT WARNING * * *
The worker ant bites you.
* * * LOW HITPOINT WARNING * * *
Natasha claws you.
You die...

#......... #.........
..####.........
#.......#######
#######.###########
##.....##.....##
###..............##
#.........Y.......#
##.......5h@......#
#........a...<...#
#.........(.....[#
#................####
#............รท.......
#................#####
#.##.....##......#
#....##..#####...## #
.#. ##.# #8...8#


You could see an ice beast, a worker ant, Natasha and a crimson imp.

Vanquished Creatures
  An orc priest (D:3)
  An orc wizard (D:3)
  Natasha (D:4)
  2 worker ants (D:4)
  6 adders
  3 worms
  4 dart slugs
  5 leopard geckos
  3 orcs (D:3)
  3 giant cockroaches
  15 goblins
  9 hobgoblins
  6 jackals (Sewer)
  17 kobolds
  3 quokkas
  4 ball pythons (Sewer)
  5 bats
  9 frilled lizards
  A leopard gecko skeleton (D:4)
  7 rats
  A plant (Sewer)
106 creatures vanquished.

Notes
Turn   | Place    | Note
-------+----------+-------------------------------------------
     0 | D:1      | mortelune the Demonspawn Ice Elementalist began the quest for the Orb.
     0 | D:1      | Reached XP level 1. HP: 13/13 MP: 3/3
   530 | D:1      | Gained mutation: You have large cloven feet. [demonic ancestry]
   530 | D:1      | Reached XP level 2. HP: 19/19 MP: 3/5
   555 | D:1      | Learned a level 2 spell: Throw Frost
   839 | D:1      | Reached skill level 3 in Ice Magic
  1581 | D:2      | Gained mutation: You have hoof-like feet. [demonic ancestry]
  1581 | D:2      | Reached XP level 3. HP: 20/24 MP: 0/6
  1668 | D:2      | Learned a level 3 spell: Ozocubu's Armour
  2570 | D:2      | Gained mutation: Your flesh is cold resistant. (rC+) [demonic ancestry]
  2570 | D:2      | Reached XP level 4. HP: 30/30 MP: 4/7
  3096 | D:3      | Found a glowing drain.
  3104 | Sewer    | Entered a sewer
  3171 | Sewer    | Reached skill level 4 in Ice Magic
  3730 | Sewer    | Reached XP level 5. HP: 30/35 MP: 6/9
  3748 | Sewer    | Learned a level 4 spell: Throw Icicle
  5197 | D:4      | Noticed Natasha
  5208 | D:4      | Reached XP level 6. HP: 34/41 MP: 6/11
  5256 | D:4      | Killed Natasha
  5258 | D:4      | Noticed an ice beast
  5264 | D:4      | Noticed Natasha
  5270 | D:4      | HP: 1/41 [worker ant (3)]
  5271 | D:4      | Slain by Natasha

Vault maps used:
D:1:      minmay_arrival_glassed_features, minmay_misc_feat_room,
          minmay_misc_feat_more_columns
D:2:      minmay_pentomino_v2
D:3:      gup_sewer_entry_bubbles, hangedman_abyss_or_decor_stabs
D:4:      serial_corexii_hall, corexii_hall_statues_l, corexii_hall_statues_l,
          tgw_fedhas, uniq_natasha
Sewer:    sewer_co_scattered_pipes

Skill      XL: |  1  2  3  4 |
---------------+-------------+-----
Dodging        | 2 |  2.0
Ice Magic      | 3 4 |  4.8
Conjurations   | 2 |  2.9
Spellcasting   | 3 |  3.4
Stealth        | |  1.7

Action                   |  1- 3 |  4- 6 || total
-------------------------+-------+-------++-------
Melee: Unarmed           |     5 |       ||     5
       Short sword       |    13 |   146 ||   159
       Kick              |     4 |       ||     4
 Fire: Blowgun           |       |    18 ||    18
 Cast: Freeze            |    64 |    94 ||   158
       Throw Frost       |    12 |    19 ||    31
       Throw Icicle      |       |     1 ||     1
  Use: Scroll            |     3 |     1 ||     4
       Potion            |       |     2 ||     2
  Eat: Chunk             |     7 |    10 ||    17
Armor: Robe              |     8 |    32 ||    40
Dodge: Dodged            |    43 |    87 ||   130

Table legend:
 A = Spawn XP
 B = Non-spawn XP
 C = Spawn XP percentage of total XP
 D = Spawn monster count
 E = Non-spawn monster count
 F = Spawn count percentage of total count
 G = Total turns spent on level
                    A         B        C        D         E        F      G
               +---------+---------+-------+---------+---------+-------+---------
         Total |       0 |     439 |   0.0 |       0 |     105 |   0.0 |  5271
               +---------+---------+-------+---------+---------+-------+---------
           D:1 |       0 |      41 |   0.0 |       0 |      24 |   0.0 |  1830
           D:2 |       0 |      75 |   0.0 |       0 |      23 |   0.0 |  1078
           D:3 |       0 |     144 |   0.0 |       0 |      26 |   0.0 |  1042
           D:4 |       0 |     129 |   0.0 |       0 |       6 |   0.0 |   288
         Sewer |       0 |      50 |   0.0 |       0 |      26 |   0.0 |  1033
               +---------+---------+-------+---------+---------+-------+---------
